TOP OF THE 1ST |
Houston Hammertime batting - Pitching for Vancouver Vipers : LHP Marcos Ortíz
|
Pitching: LHP Marcos Ortíz
|
|
Batting: RHB Jorge Barbosa
|
0-0: Called Strike 0-1: Foul Ball, location: 2F 0-2: Ball 1-2: Ground out 6-3 (Groundball, 6)
|
Batting: RHB Santo Cruz
|
0-0: Foul Ball, location: 2F 0-1: Foul Ball, location: 2F 0-2: Ball 1-2: SOLO HOME RUN (Flyball, 8LD), Distance : 432 ft
|
Batting: LHB Francisco Cardenas
|
0-0: Fly out, F7 (Flyball, 7LS)
|
Batting: RHB José García
|
0-0: Ball 1-0: Ball 2-0: Foul Ball, location: 2F 2-1: Ball 3-1: Base on Balls
|
Batting: LHB Marcos Cantú
|
0-0: Ball 1-0: Ball 2-0: Called Strike 2-1: Fly out, F5 (Popup, 5SF)
|
Top of the 1st over - 1 run, 1 hit, 0 errors, 1 left on base; Houston 1 - Vancouver 0 |
BOTTOM OF THE 1ST |
Vancouver Vipers batting - Pitching for Houston Hammertime : LHP Martin White
|
Pitching: LHP Martin White
|
|
Batting: RHB Jason McIntosh
|
0-0: Ball 1-0: Ball 2-0: Fly out, F9 (Flyball, 9)
|
Batting: RHB Clarence Harrison
|
0-0: Ball 1-0: Swinging Strike 1-1: Called Strike 1-2: Strikes out swinging
|
Batting: RHB Ben Alexander
|
0-0: Ball 1-0: Ball 2-0: Fly out, F3 (Popup, 3F)
|
Bottom of the 1st over - 0 runs, 0 hits, 0 errors, 0 left on base; Houston 1 - Vancouver 0 |
TOP OF THE 2ND |
Houston Hammertime batting - Pitching for Vancouver Vipers : LHP Marcos Ortíz
|
Batting: LHB Dave Gordon
|
0-0: Ball 1-0: Ground out 5-3 (Groundball, 5L)
|
Batting: SHB Glenn Vadnais
|
0-0: Ball 1-0: Ball 2-0: Called Strike 2-1: Swinging Strike 2-2: Fly out, F5 (Line Drive, 5)
|
Batting: LHB David Adams
|
0-0: Ball 1-0: Ball 2-0: Called Strike 2-1: Ball 3-1: Swinging Strike 3-2: Base on Balls
|
Batting: LHB Francisco Calderón
|
0-0: Ball David Adams is caught stealing 2nd base
|
Top of the 2nd over - 0 runs, 0 hits, 0 errors, 0 left on base; Houston 1 - Vancouver 0 |
BOTTOM OF THE 2ND |
Vancouver Vipers batting - Pitching for Houston Hammertime : LHP Martin White
|
Batting: RHB Marvin Workman
|
0-0: Called Strike 0-1: Ball 1-1: Foul Ball, location: 2F 1-2: Foul Ball, location: 2F 1-2: Ball 2-2: Foul Ball, location: 2F 2-2: Ground out 6-3 (Groundball, 6S)
|
Batting: RHB Lorenzo González
|
0-0: Foul Ball, location: 2F 0-1: Foul Ball, location: 2F 0-2: Foul Ball, location: 2F 0-2: Strikes out looking
|
Batting: RHB Steve Bender
|
0-0: Ground out 4-3 (Groundball, 4S)
|
Bottom of the 2nd over - 0 runs, 0 hits, 0 errors, 0 left on base; Houston 1 - Vancouver 0 |
TOP OF THE 3RD |
Houston Hammertime batting - Pitching for Vancouver Vipers : LHP Marcos Ortíz
|
Batting: LHB Francisco Calderón
|
0-0: Ball 1-0: Ball 2-0: Ball 3-0: Base on Balls
|
Batting: RHB Jorge Barbosa
|
0-0: Called Strike 0-1: Called Strike 0-2: Ball 1-2: SINGLE (Groundball, 56D) Francisco Calderón to second
|
Batting: RHB Santo Cruz
|
0-0: Ground out 5-3 (Groundball, 56S) Francisco Calderón to third Jorge Barbosa to second
|
Batting: LHB Francisco Cardenas
|
0-0: Swinging Strike 0-1: Ball 1-1: Foul Ball, location: 2F 1-2: Foul Ball, location: 2F 1-2: Foul Ball, location: 2F 1-2: Ball 2-2: Foul Ball, location: 2F 2-2: Ball 3-2: Foul Ball, location: 2F 3-2: Base on Balls
|
Batting: RHB José García
|
0-0: Ball 1-0: Foul Ball, location: 2F 1-1: Foul Ball, location: 2F 1-2: SINGLE (Groundball, 6MD) Francisco Calderón scores Jorge Barbosa to third Francisco Cardenas to second
|
Batting: LHB Marcos Cantú
|
0-0: Foul Ball, location: 2F 0-1: SINGLE (Line Drive, 8LS) Jorge Barbosa scores Francisco Cardenas to third José García to second
|
Batting: LHB Dave Gordon
|
0-0: Ball 1-0: Foul Ball, location: 2F 1-1: Ball 2-1: SINGLE (Groundball, 4MD) Francisco Cardenas scores José García to third Marcos Cantú to second Runner from 3rd tries for Home, SAFE, no throw
|
Batting: SHB Glenn Vadnais
|
0-0: Ball 1-0: Foul Ball, location: 2F 1-1: Ball 2-1: Ball 3-1: Swinging Strike 3-2: Fly out, F9 (Flyball, 9LS)
|
Batting: LHB David Adams
|
0-0: SINGLE (Groundball, 34D) Marcos Cantú to third Dave Gordon to second Runner from 3rd tries for Home, SAFE, no throw
|
Batting: LHB Francisco Calderón
|
0-0: Ball 1-0: Ball 2-0: Foul Ball, location: 2F 2-1: Foul Ball, location: 2F 2-2: Foul Ball, location: 2F 2-2: Foul Ball, location: 2F 2-2: Foul Ball, location: 2F 2-2: Foul Ball, location: 2F 2-2: Ball 3-2: Fly out, F8 (Flyball, 78D)
|
Top of the 3rd over - 5 runs, 5 hits, 0 errors, 2 left on base; Houston 6 - Vancouver 0 |
BOTTOM OF THE 3RD |
Vancouver Vipers batting - Pitching for Houston Hammertime : LHP Martin White
|
Batting: LHB Mike Williams
|
0-0: Called Strike 0-1: Ball 1-1: Swinging Strike 1-2: Foul Ball, location: 2F 1-2: Ball 2-2: DOUBLE (Flyball, 89XD)
|
Batting: LHB Jerry Johnston
|
0-0: Ball 1-0: Foul Ball, location: 2F 1-1: Swinging Strike 1-2: Ball 2-2: Ball 3-2: Foul Ball, location: 2F 3-2: Ground out 1-3 (Groundball, 13) Mike Williams to third
|
Batting: LHB Brian Ford
|
0-0: Ball 1-0: SINGLE (Line Drive, 8LS) Mike Williams scores
|
Batting: RHB Jason McIntosh
|
0-0: Ball 1-0: Ball 2-0: Called Strike 2-1: Grounds into double play, 6-4-3 (Groundball, 56)
|
Bottom of the 3rd over - 1 run, 2 hits, 0 errors, 0 left on base; Houston 6 - Vancouver 1 |
TOP OF THE 4TH |
Houston Hammertime batting - Pitching for Vancouver Vipers : LHP Marcos Ortíz
|
Batting: RHB Jorge Barbosa
|
0-0: Ball 1-0: Ground out 1-3 (Groundball, 13S)
|
Batting: RHB Santo Cruz
|
0-0: Called Strike 0-1: Ball 1-1: Ball 2-1: Swinging Strike 2-2: Ball 3-2: Foul Ball, location: 2F 3-2: Strikes out swinging
|
Batting: LHB Francisco Cardenas
|
0-0: Ball 1-0: SINGLE (Flyball, 9S)
|
Batting: RHB José García
|
0-0: Ball 1-0: SINGLE (Flyball, 34D) Francisco Cardenas to second Runner from 2nd tries for 3rd, SAFE, no throw
|
Batting: LHB Marcos Cantú
|
0-0: Called Strike 0-1: Ball 1-1: Foul Ball, location: 2F 1-2: Ball 2-2: Strikes out swinging
|
Top of the 4th over - 0 runs, 2 hits, 0 errors, 2 left on base; Houston 6 - Vancouver 1 |
BOTTOM OF THE 4TH |
Vancouver Vipers batting - Pitching for Houston Hammertime : LHP Martin White
|
Batting: RHB Clarence Harrison
|
0-0: Ball 1-0: SINGLE (Groundball, 4MD)
|
Batting: RHB Ben Alexander
|
0-0: Called Strike Clarence Harrison steals 2nd base 0-1: Ball 1-1: Swinging Strike 1-2: Ball 2-2: Ball 3-2: Strikes out swinging
|
Batting: RHB Marvin Workman
|
0-0: Called Strike 0-1: Foul Ball, location: 2F 0-2: Ball 1-2: Foul Ball, location: 2F 1-2: Reached on error, E3 (Groundball, 34) Clarence Harrison to third
|
Batting: RHB Lorenzo González
|
0-0: Ball 1-0: Ground out 5-3 (Groundball, 56S) Clarence Harrison scores Marvin Workman to second
|
Batting: RHB Steve Bender
|
0-0: Foul Ball, location: 2F 0-1: Ball 1-1: Ball 2-1: Ground out U3 (Groundball, 34)
|
Bottom of the 4th over - 1 run, 1 hit, 1 error, 1 left on base; Houston 6 - Vancouver 2 |
TOP OF THE 5TH |
Houston Hammertime batting - Pitching for Vancouver Vipers : LHP Marcos Ortíz
|
Pitching: RHP Mark Greene
|
|
Batting: LHB Dave Gordon
|
0-0: Foul Ball, location: 2F 0-1: Called Strike 0-2: Foul Ball, location: 2F 0-2: Ball 1-2: SINGLE (Groundball, 34D)
|
Batting: SHB Glenn Vadnais
|
0-0: Fly out, F8 (Flyball, 8RM)
|
Batting: LHB David Adams
|
0-0: SINGLE (Groundball, 56D) Dave Gordon to second
|
Batting: LHB Francisco Calderón
|
0-0: Foul Ball, location: 2F 0-1: Ball 1-1: Swinging Strike 1-2: Ball 2-2: Ball 3-2: Foul Ball, location: 2F 3-2: Strikes out looking
|
Batting: RHB Jorge Barbosa
|
0-0: Called Strike 0-1: Called Strike 0-2: Strikes out looking
|
Top of the 5th over - 0 runs, 2 hits, 0 errors, 2 left on base; Houston 6 - Vancouver 2 |
BOTTOM OF THE 5TH |
Vancouver Vipers batting - Pitching for Houston Hammertime : LHP Martin White
|
Batting: LHB Mike Williams
|
0-0: Fly out, F7 (Line Drive, 7S)
|
Batting: LHB Jerry Johnston
|
0-0: Ball 1-0: Ball 2-0: Ball 3-0: Called Strike 3-1: Ground out 3-1 (Groundball, 34)
|
Batting: LHB Brian Ford
|
0-0: Foul Ball, location: 2F 0-1: Ground out 5-3 (Groundball, 56S)
|
Bottom of the 5th over - 0 runs, 0 hits, 0 errors, 0 left on base; Houston 6 - Vancouver 2 |
TOP OF THE 6TH |
Houston Hammertime batting - Pitching for Vancouver Vipers : RHP Mark Greene
|
Batting: RHB Santo Cruz
|
0-0: Ball 1-0: Ball 2-0: Called Strike 2-1: Fly out, F9 (Flyball, 9)
|
Batting: LHB Francisco Cardenas
|
0-0: SINGLE (Line Drive, 4D)
|
Batting: RHB José García
|
0-0: Foul Ball, location: 2F 0-1: Ball 1-1: Ball 2-1: Foul Ball, location: 2F 2-2: SINGLE (Groundball, 34S) (infield hit) Francisco Cardenas to second
|
Batting: LHB Marcos Cantú
|
0-0: Fielders Choice at 2nd, 3-6 (Groundball, 3) Francisco Cardenas to third
|
Batting: LHB Dave Gordon
|
0-0: Called Strike 0-1: Swinging Strike 0-2: Foul Ball, location: 2F 0-2: Foul Ball, location: 2F 0-2: Fly out, F7 (Flyball, 7D)
|
Top of the 6th over - 0 runs, 2 hits, 0 errors, 2 left on base; Houston 6 - Vancouver 2 |
BOTTOM OF THE 6TH |
Vancouver Vipers batting - Pitching for Houston Hammertime : LHP Martin White
|
Batting: RHB Jason McIntosh
|
0-0: SINGLE (Line Drive, 89M)
|
Batting: RHB Clarence Harrison
|
0-0: Ball 1-0: Called Strike 1-1: Ball 2-1: Ball 3-1: Called Strike 3-2: Fly out, F3 (Popup, 23F)
|
Batting: RHB Ben Alexander
|
0-0: Called Strike 0-1: Ball 1-1: Ball 2-1: Foul Ball, location: 2F 2-2: Foul Ball, location: 2F 2-2: Foul Ball, location: 2F 2-2: SINGLE (Groundball, 6MD) Jason McIntosh to second
|
Batting: RHB Marvin Workman
|
0-0: Ball 1-0: Swinging Strike 1-1: Ball 2-1: Swinging Strike 2-2: Strikes out swinging
|
Batting: RHB Lorenzo González
|
0-0: Ball 1-0: Called Strike 1-1: Fly out, F3 (Popup, 34S)
|
Bottom of the 6th over - 0 runs, 2 hits, 0 errors, 2 left on base; Houston 6 - Vancouver 2 |
TOP OF THE 7TH |
Houston Hammertime batting - Pitching for Vancouver Vipers : RHP Mark Greene
|
Batting: SHB Glenn Vadnais
|
0-0: Called Strike 0-1: Ball 1-1: Called Strike 1-2: DOUBLE (Line Drive, 89D)
|
Batting: LHB David Adams
|
0-0: Ball Wild Pitch! Glenn Vadnais to third 1-0: Ball 2-0: Ball 3-0: Called Strike 3-1: Foul Ball, location: 2F 3-2: Base on Balls
|
Batting: LHB Francisco Calderón
|
0-0: Ball 1-0: Ball 2-0: Ball 3-0: Base on Balls David Adams to second
|
Batting: RHB Jorge Barbosa
|
0-0: Called Strike 0-1: Fly out, F7 (Line Drive, 7) Runner from 3rd tags up, SCORES, throw made
|
Batting: RHB Santo Cruz
|
0-0: Foul Ball, location: 2F 0-1: Ball 1-1: Called Strike 1-2: Strikes out swinging
|
Batting: LHB Francisco Cardenas
|
0-0: Ball 1-0: Called Strike 1-1: Fly out, F5 (Popup, 5F)
|
Top of the 7th over - 1 run, 1 hit, 0 errors, 2 left on base; Houston 7 - Vancouver 2 |
BOTTOM OF THE 7TH |
Vancouver Vipers batting - Pitching for Houston Hammertime : LHP Martin White
|
Pitching: RHP Rodrigo Aguilar
|
|
Batting: RHB Steve Bender
|
0-0: Ball 1-0: Ball 2-0: Ground out 5-3 (Groundball, 56S)
|
Batting: LHB Mike Williams
|
0-0: Called Strike 0-1: Foul Ball, location: 2F 0-2: Ground out 4-3 (Groundball, 4S)
|
Batting: LHB Jerry Johnston
|
0-0: Called Strike 0-1: Ball 1-1: Ball 2-1: Ground out 5-3 (Groundball, 56S)
|
Bottom of the 7th over - 0 runs, 0 hits, 0 errors, 0 left on base; Houston 7 - Vancouver 2 |
TOP OF THE 8TH |
Houston Hammertime batting - Pitching for Vancouver Vipers : RHP Mark Greene
|
Batting: RHB José García
|
0-0: Ball 1-0: Ball 2-0: Called Strike 2-1: Foul Ball, location: 2F 2-2: Ball 3-2: Foul Ball, location: 2F 3-2: Fly out, F8 (Flyball, 8LD)
|
Pitching: RHP Javier Toledo
|
|
Batting: LHB Marcos Cantú
|
0-0: Fly out, F3 (Line Drive, 34)
|
Batting: LHB Dave Gordon
|
0-0: Called Strike 0-1: Called Strike 0-2: Strikes out swinging
|
Top of the 8th over - 0 runs, 0 hits, 0 errors, 0 left on base; Houston 7 - Vancouver 2 |
BOTTOM OF THE 8TH |
Vancouver Vipers batting - Pitching for Houston Hammertime : RHP Rodrigo Aguilar
|
Now at C: Raúl Salas
|
|
Batting: LHB Brian Ford
|
0-0: Called Strike 0-1: Ground out 5-3 (Groundball, 5)
|
Batting: RHB Jason McIntosh
|
0-0: Called Strike 0-1: Ground out 5-3 (Groundball, 56D)
|
Batting: RHB Clarence Harrison
|
0-0: Called Strike 0-1: Ball 1-1: SINGLE (Groundball, 34D)
|
Batting: RHB Ben Alexander
|
0-0: Fly out, F7 (Line Drive, 78D)
|
Bottom of the 8th over - 0 runs, 1 hit, 0 errors, 1 left on base; Houston 7 - Vancouver 2 |
TOP OF THE 9TH |
Houston Hammertime batting - Pitching for Vancouver Vipers : RHP Javier Toledo
|
Batting: SHB Glenn Vadnais
|
0-0: DOUBLE (Line Drive, 8LD)
|
Batting: LHB David Adams
|
0-0: Called Strike 0-1: Ball 1-1: Ball 2-1: 2-RUN HOME RUN (Flyball, 7LD), Distance : 356 ft
|
Batting: LHB Francisco Calderón
|
0-0: Called Strike 0-1: Ball 1-1: Ball 2-1: Foul Ball, location: 2F 2-2: Foul Ball, location: 2F 2-2: Strikes out swinging
|
Batting: RHB Jorge Barbosa
|
0-0: Ball 1-0: Ball 2-0: Called Strike 2-1: Called Strike 2-2: Strikes out swinging
|
Batting: RHB Santo Cruz
|
0-0: Ball 1-0: Fly out, F3 (Flyball, 3D)
|
Top of the 9th over - 2 runs, 2 hits, 0 errors, 0 left on base; Houston 9 - Vancouver 2 |
BOTTOM OF THE 9TH |
Vancouver Vipers batting - Pitching for Houston Hammertime : RHP Rodrigo Aguilar
|
Now in RF: António Camacho
|
|
Batting: RHB Marvin Workman
|
0-0: Ball 1-0: Called Strike 1-1: Swinging Strike 1-2: Fly out, F8 (Flyball, 89D)
|
Batting: RHB Lorenzo González
|
0-0: Ball 1-0: Called Strike 1-1: Ball 2-1: Ball 3-1: Base on Balls
|
Batting: RHB Steve Bender
|
0-0: Called Strike 0-1: Ball 1-1: Called Strike 1-2: Ball 2-2: Ball 3-2: Foul Ball, location: 2F 3-2: Base on Balls Lorenzo González to second
|
Pinch Hitting: LHB Benny Richard
|
0-0: Ball 1-0: Called Strike 1-1: Ball 2-1: Foul Ball, location: 2F Balk! Lorenzo González to third Steve Bender to second 2-2: Fly out, F8 (Flyball, 8RXD) Runner from 3rd tags up, SCORES, no throw Steve Bender to third
|
Pitching: RHP António Galindo
|
|
Batting: LHB Jerry Johnston
|
0-0: Ball 1-0: Swinging Strike 1-1: Ball 2-1: Swinging Strike 2-2: Ball 3-2: Base on Balls
|
Batting: LHB Brian Ford
|
0-0: Swinging Strike 0-1: Ball 1-1: Ball 2-1: SINGLE (Groundball, 34D) Steve Bender scores Jerry Johnston to second
|
Batting: RHB Jason McIntosh
|
0-0: Swinging Strike 0-1: Foul Ball, location: 2F 0-2: Foul Ball, location: 2F 0-2: Foul Ball, location: 2F 0-2: Strikes out looking
|
Bottom of the 9th over - 2 runs, 1 hit, 0 errors, 2 left on base; Houston 9 - Vancouver 4 |
|